 Dungeon Crawl Stone Soup version 0.29.1-15-g9cfb28693d (webtiles) character file.

Game seed: 3331062224972335857

1831422 LaMa the Intangible (level 27, 183/183 HPs)
             Began as a Djinni Conjurer on Apr 19, 2023.
             Was the Champion of Ashenzari.
             Escaped with the Orb
             ... and 3 runes on Apr 20, 2023!
             The game lasted 04:21:27 (58324 turns).

LaMa the Intangible (Djinni Conjurer)              Turns: 58324, Time: 04:21:28

Health: 183/183    AC: 24    Str:  9      XL:     27
Gold:   6046       EV: 34    Int: 39 (40) God:    Ashenzari [******] SH: 13 Dex: 23

rFire   + + +      SeeInvis +   j - +7 broad axe "Revealing Negation" {drain, Will++, Evo, Self} (curse)
rCold   + + +      Faith    .   f - +1 buckler "Eternal Seer" {*Corrode rF+ Regen+ Int+4, Self, Cun} (curse)
rNeg    + . .      Spirit   .   O - +4 troll leather armour of the Perceptive God {Regen+, Self, Evo} (curse)
rPois   ∞          Reflect  .   p - +2 hood of the Assassin {Detection Stab+ Stlth++, Melee, Self} (curse)
rElec   +          Harm     .   W - +1 cloak "Cryptic Entitlement" {rC+++ Int+5, Melee, Self} (curse)
rCorr   +          Rampage  .   y - +2 pair of gloves "Clairvoyant Gnosis" {Str+3, Fort, Range} (curse)
Will    ++++.      Clarity  +   (boots unavailable)
Stlth   ++++......              u - amulet "Per Aspera Ad Scientiam" {Regen+, Evo, Self} (curse)
HPRegen 2.80/turn               D - ring "Share My Limitation" {rC+ rN+ Dex+6, Range, Self} (curse)
MPRegen 0.00/turn               U - ring of the Shackled Comet {rElec rCorr MP+9 AC+4 SInv, Fort, Self} (curse)

@: flying
A: sickness immunity, fire resistance 2, cold vulnerability 1, float, innate
caster, HP casting, extra vitality 1, thin skeletal structure 1, screaming 1,
MP-powered wands
0: Orb of Zot
}: 3/15 runes: serpentine, barnacled, slimy
a: Renounce Religion, Shatter the Chains


You escaped.
You worshipped Ashenzari.
Ashenzari was exalted by your worship.
You visited 11 branches of the dungeon, and saw 52 of its levels.
You also visited: Sewer, Gauntlet and Ice Cave.

You collected 7751 gold pieces.
You spent 1705 gold pieces at shops.

Inventory:

Hand Weapons
 j - the cursed +7 broad axe "Revealing Negation" (weapon) {drain, Will++, Evo, Self}
   (You bought it in a shop on level 12 of the Dungeon)

   A truly terrible weapon, it drains the life of any living foe it strikes.
   Will:      It greatly increases your willpower.
   It has a curse which improves the following skills: Evocations: Evocations.
   Introspection: Fighting and Spellcasting.
 N - the +10 dagger "Spiderslayer" {holy, Fragile rElec MP+9 Dex+7}
   (You took it off a deep elf zephyrmancer on level 3 of the Elven Halls)

   It has been blessed by the Shining One to cause great damage to the undead
   and demons.
   Dex:       It affects your dexterity (+7).
   rElec:     It insulates you from electricity.
   MP:        It affects your magic capacity (+9).
   Fragile:   It will be destroyed if unequipped.
Missiles
 K - 2 throwing nets
Armour
 f - the cursed +1 buckler "Eternal Seer" (worn) {*Corrode rF+ Regen+ Int+4, Self, Cun}
   (You acquired it on level 12 of the Dungeon)

   Int:       It affects your intelligence (+4).
   rF:        It protects you from fire.
   Regen:     It increases your rate of health regeneration.
   *Corrode:  It may corrode you when you take damage.
   It has a curse which improves the following skills: Introspection: Fighting
   and Spellcasting.
   Cunning:   Dodging and Stealth.
 p - the cursed +2 hood of the Assassin (worn) {Detection Stab+ Stlth++, Melee, Self}
   (You found it on level 5 of the Pits of Slime)

   It allows the wearer to sense nearby creatures.
   It allows the wearer to make particularly effective stabbing attacks against
   helpless or unaware enemies with any weapon.
   Stlth:     It makes you much more stealthy.
   It has a curse which improves the following skills: Melee Combat: Short
   Blades, Long Blades, Axes, Maces & Flails, Polearms, Staves and Unarmed
   Combat.
   Introspection: Fighting and Spellcasting.
 y - the cursed +2 pair of gloves "Clairvoyant Gnosis" (worn) {Str+3, Fort, Range}
   (You found it on level 5 of the Pits of Slime)

   It has a curse which improves the following skills: Fortitude: Armour and
   Shields.
   Ranged Combat: Ranged Weapons and Throwing.
 O - the cursed +4 troll leather armour of the Perceptive God (worn) {Regen+, Self, Evo}
   (You found it on level 11 of the Dungeon)

   Regen:     It increases your rate of health regeneration.
   It has a curse which improves the following skills: Introspection: Fighting
   and Spellcasting.
   Evocations: Evocations.
 W - the cursed +1 cloak "Cryptic Entitlement" (worn) {rC+++ Int+5, Melee, Self}
   (You found it on level 3 of the Vaults)

   Int:       It affects your intelligence (+5).
   rC:        It renders you almost immune to cold.
   It has a curse which improves the following skills: Melee Combat: Short
   Blades, Long Blades, Axes, Maces & Flails, Polearms, Staves and Unarmed
   Combat.
   Introspection: Fighting and Spellcasting.
Jewellery
 k - the amulet of Abbu {Reflect rN+ Slay+5 SH+5}
   (You found it on level 5 of the Pits of Slime)

   [amulet of reflection]

   It reflects blocked missile attacks.
   Slay:      It affects your accuracy & damage with ranged weapons and melee
   (+5).
   rN:        It protects you from negative energy.
   SH:        It affects your SH (+5).
 o - the ring "Foud Unt" {Fire Str+3 Int+5}
   (You found it on level 5 of the Pits of Slime)

   [ring of fire]

   It enhances your fire magic.
   Str:       It affects your strength (+3).
   Int:       It affects your intelligence (+5).
   rF:        It protects you from fire.
   rC:        It makes you vulnerable to cold.
 u - the cursed amulet "Per Aspera Ad Scientiam" (around neck) {Regen+, Evo, Self}
   (You found it on level 3 of the Snake Pit)

   [amulet of regeneration]

   Regen:     It increases your rate of health regeneration.
   It has a curse which improves the following skills: Evocations: Evocations.
   Introspection: Fighting and Spellcasting.
 B - a ring of fire
 C - the amulet "Qaafuel" {Reflect Str+4 SH+5}
   (You found it on level 1 of the Elven Halls)

   [amulet of reflection]

   It reflects blocked missile attacks.
   Str:       It affects your strength (+4).
   SH:        It affects your SH (+5).
 D - the cursed ring "Share My Limitation" (left hand) {rC+ rN+ Dex+6, Range, Self}
   (You acquired it on level 2 of the Elven Halls)

   [ring of dexterity]

   Dex:       It affects your dexterity (+6).
   rC:        It protects you from cold.
   rN:        It protects you from negative energy.
   It has a curse which improves the following skills: Ranged Combat: Ranged
   Weapons and Throwing.
   Introspection: Fighting and Spellcasting.
 U - the cursed ring of the Shackled Comet (right hand) {rElec rCorr MP+9 AC+4 SInv, Fort, Self}
   (You bought it in a shop on level 2 of the Orcish Mines)

   [ring of protection]

   AC:        It affects your AC (+4).
   rElec:     It insulates you from electricity.
   MP:        It affects your magic capacity (+9).
   SInv:      It lets you see invisible.
   rCorr:     It protects you from acid and corrosion.
   It has a curse which improves the following skills: Fortitude: Armour and
   Shields.
   Introspection: Fighting and Spellcasting.
 V - a ring of positive energy
Wands
 a - a wand of iceblast (58) (quivered)
 e - a wand of flame (60)
 n - a wand of charming (52)
 A - a wand of quicksilver (42)
 L - a wand of digging (1)
 M - a wand of polymorph (16)
 T - a wand of mindburst (28)
Scrolls
 c - 15 scrolls of teleportation
 g - 2 scrolls of silence
 i - a scroll of enchant weapon
 s - 8 scrolls of butterflies
 t - 19 scrolls of fear
 v - 12 scrolls of magic mapping
 w - 10 scrolls of poison
 z - 13 scrolls of immolation
 E - 13 scrolls of vulnerability
 F - 6 scrolls of torment
 G - 3 scrolls of summoning
 I - 3 scrolls of enchant armour
 R - 2 scrolls of brand weapon
 S - a scroll of blinking
Potions
 b - 6 potions of mutation
 d - 13 potions of cancellation
 h - 10 potions of resistance
 l - 8 potions of might
 m - 9 potions of brilliance
 q - 23 potions of curing
 r - 11 potions of lignification
 x - 4 potions of haste
 H - 8 potions of attraction
 J - a potion of berserk rage
 P - 3 potions of heal wounds
 Q - 3 potions of invisibility
 X - 10 potions of ambrosia


   Skills:
 - Level 19.7(27) Fighting
 + Level 17.3(21.0) Armour
 O Level 27 Dodging
 - Level 14.7(17.2) Stealth
 + Level 21.6(25.1) Shields
 - Level 18.6(27) Spellcasting
 - Level 15.4(20.4) Evocations


You couldn't memorise any spells.
You knew the following spells:

 Your Spells              Type           Power      Damage    Failure   Level
a - Magic Dart            Conj           100%       1d8       0%          1
b - Searing Ray           Conj           100%       2d8       0%          2
c - Dazzling Flash        Conj/Hex       100%       N/A       0%          3
d - Fulminant Prism       Conj/Hex       66%        3d28      0%          4
e - Iskenderun's Mystic   Conj/Tloc      100%       2d19      0%          4
f - Beastly Appendage     Tmut           100%       N/A       0%          1
g - Scorch                Fire           100%       2d10      0%          2
h - Vampiric Draining     Necr           100%       2d13      0%          3
i - Animate Armour        Summ/Erth      100%       N/A       0%          4
j - Freezing Cloud        Conj/Ice/Air   66%        6-21      0%          5
k - Borgnjor's Vile Clut  Necr/Erth      66%        N/A       0%          5
l - Iron Shot             Conj/Erth      66%        9d12      0%          6
m - Conjure Ball Lightni  Conj/Air       66%        3x3d25    0%          6
n - Spellforged Servitor  Conj/Summ      66%        N/A       0%          7
o - Enfeeble              Hex            66%        N/A       0%          7
p - Borgnjor's Revivific  Necr           66%        N/A       1%          8
q - Ignition              Fire           66%        3d18      1%          8
r - Dragon's Call         Summ           66%        N/A       1%          9
Your spell library was empty.

Dungeon Overview and Level Annotations

Branches:
Dungeon (15/15)            Temple (1/1) D:7            Lair (5/5) D:11
 Shoals (4/4) Lair:2        Snake (4/4) Lair:2        Slime (5/5) Lair:4
    Orc (2/2) D:11            Elf (3/3) Orc:2        Vaults (4/5) D:14
  Crypt (0/3) Vaults:3     Depths (4/4) D:15            Zot (5/5) Depths:4
  Sewer (visited)           IceCv (visited)         Gauntlet (visited)

Altars:
Ashenzari
Cheibriados
Dithmenos
Elyvilon
Fedhas
Gozag
Hepliaklqana
Makhleb
Nemelex Xobeh
Okawaru
Qazlal
Ru
Trog
Uskayaw
Wu Jian
Xom
Yredelemnul
Zin
The Shining One
Jiyva
Lugonu

Shops:
D:10 [   D:12 (   Orc:2 ?([=   Elf:1 *   Snake:4 *   Vaults:3 [   Zot:1 *

Portals:
Hell: Lair:5 Depths:1 Depths:2 Depths:3 Depths:4
Abyss: Depths:1 Depths:2 Depths:3
Pandemonium: Depths:2 Depths:4
Ziggurat: Depths:4

Annotations:
Lair:4 1 exclusion
Shoals:4 2 transporters, ripuliukko's ghost, journeyman DEEE
Elf:2 5 runed translucent doors


Innate Abilities, Weirdness & Mutations

You are immune to sickness and miasma.
You are immune to poison.
Your flesh is very heat resistant. (rF++)
You are vulnerable to cold. (rC-)
You float through the air rather than walking.
You learn spells naturally, not from books.
Your magical power is your life essence.
You have superior vitality. (+4 MHP)
You have a somewhat thin skeletal structure. (Dex +2, Stealth+)
You occasionally shout uncontrollably at your foes.
You expend health (3 HP) to strengthen your wands.


Message History

Blink to where?
Press: ? - help, Dir - move target
As you read the scroll of blinking, it crumbles to dust.
There is a stone staircase leading up here.
You fly upwards.
There is a stone staircase leading down here.
Okay, then.
Unknown command.
You feel yourself speed up.
Done exploring.
There is an open door here.
There is a stone staircase leading up here.
You fly upwards.
There is a stone staircase leading down here.
A kobold is nearby!
Casting: Spellforged Servitor (safe; 0% risk of failure)
Confirm with . or Enter, or press ? or * to list all spells.
Aiming: Iron Shot (safe; 0% risk of failure)
Press: ? - help, Shift-Dir - straight line, f - kobold
Aim: a kobold, wielding a +0 short sword and quivering stones (wandering, hasn't noticed you, 76% to hit)
The iron shot hits the kobold!!!
You kill the kobold!
HP restored.
There is a stone staircase leading up here.
You fly upwards.
There is a stone staircase leading down here.
There is a stone staircase leading up here.
You fly upwards.
Your extra speed is starting to run out.
There is a stone staircase leading down here.
You feel yourself slow down.
There is a stone staircase leading up here.
You fly upwards.
There is a stone staircase leading down here.
You see here a +0 leather armour.
You sense a monster nearby.
Unknown command.
There is a staircase leading out of the dungeon here.
You can't go down here!
You have escaped!

........# #.# #.#.#.# #.###.
........# #.# #...#.# #...#.
........###.# ###.#.# ###.#.
............# #.#.# #...#.
#.......##############.#.###.####
#######.# ##########>#.###.####
#.# ##########.#.....#### #.#
###########.########## #.#
#....@....#........... #.#
#.........##.######### #.#
#.........##.#########
#.####..#...#..##.#########
#....#.........##.#########
####.#.........##.#### ##
#.#..#...#..#..#### #
#.#.........#.#####
#.....§.≈.....#####


There were no monsters in sight!

Vanquished Creatures
  the Royal Jelly (Slime:5)
  3 dread liches
  The ghost of Jiorhin the Wrestler, a legendary TrBe of Trog (Zot:3)
  An ancient lich (Zot:5)
  3 orbs of fire
  Mara (Snake:4)
  A juggernaut (Depths:4)
  12 Killer Klowns
  Vashnia (Snake:4)
  Xtahua (Depths:4)
  Saint Roka (Vaults:3)
  2 curse toes
  14 golden dragons
  2 bone dragons (Depths:4)
  An electric golem (Zot:5)
  10 tentacled monstrosities
  A Hell Sentinel (Zot:1)
  Asterion (Snake:1)
  A walking crystal tome (Depths:1)
  4 quicksilver dragons
  19 Orb Guardians
  6 liches
  A walking frostbound tome (Depths:3)
  2 deep elf blademasters (Elf:3)
  2 Executioners
  16 acid blobs
  4 death cobs
  2 sphinxes
  Kirke (Snake:1)
  9 shadow dragons
  5 draconian monks
  3 tengu reavers
  Ilsuiw (Shoals:4)
  Roxanne (D:15)
  5 rockslimes
  13 azure jellies
  8 storm dragons
  3 nagarajas
  3 fire giants
  8 draconian knights
  5 ghost moths
  6 draconian scorchers
  9 frost giants
  9 vault wardens
  A deep elf sorcerer (Elf:3)
  2 orc warlords
  3 draconian stormcallers
  2 emperor scorpions (Depths:3)
  5 deep elf elementalists (Elf:3)
  A spectral caustic shrike (Depths:4)
  Aizul (Snake:1)
  11 ironbound preservers
  2 draconian shifters
  2 balrugs
  19 very ugly things
  A war gargoyle (Vaults:4)
  13 quicksilver oozes
  6 draconian annihilators
  7 stone giants
  4 deep elf demonologists
  9 deep elf annihilators (Elf:3)
  16 black draconians
  2 vampire knights (Depths:2)
  8 green draconians
  7 ironbound thunderhulks
  17 red draconians
  8 dire elephants
  A minotaur (Gauntlet)
  2 entropy weavers
  13 yellow draconians
  4 spark wasps (Depths:3)
  A deep elf death mage (Elf:3)
  9 white draconians
  7 purple draconians
  A merfolk javelineer (Shoals:2)
  8 merfolk impalers
  2 crystal guardians (Vaults:4)
  7 fire dragons
  A green death (Depths:3)
  A blizzard demon (D:14)
  9 ettins
  5 deep elf high priests
  8 yaktaur captains
  Josephine (D:10)
  10 great orbs of eyes
  12 ice dragons
  3 boulder beetles
  Harold (D:10)
  A hell beast (Depths:3)
  6 merfolk avatars
  3 rakshasas (Depths:1)
  2 vault guards
  A peacekeeper (Vaults:4)
  12 hydras
  Erica (Lair:2)
  3 spriggan air magi
  An ogre mage (Vaults:3)
  An alligator snapping turtle (Shoals:3)
  5 centaur warriors
  A two-headed ogre (shapeshifter) (Depths:1)
  7 ironbound frosthearts
  A ghost crab (Lair:4)
  6 merfolk aquamancers
  A catoblepas (Lair:5)
  A satyr (Shoals:2)
  14 naga warriors
  A death knight (D:14)
  14 anacondas
  10 dancing weapons
  6 deep troll shamans
  4 tengu warriors
  15 two-headed ogres
  9 death yaks
  A vampire mage (Depths:2)
  4 spriggan berserkers
  3 orc high priests
  7 deep troll earth magi
  11 shock serpents
  Urug (Lair:2)
  A soul eater (Depths:3)
  Sonja (Lair:2)
  A sun demon (Lair:5)
  5 hell knights
  10 naga sharpshooters
  A sixfirhy (Zot:3)
  7 iron trolls
  2 spriggans (Depths:3)
  6 deep elf knights
  7 fire crabs
  33 deep trolls
  5 salamander mystics
  3 glowing orange brains
  The ghost of ababab the Jinx, a novice FeEn of Dithmenos (Orc:1)
  5 sea snakes
  4 lindwurms
  5 naga ritualists
  A flayed ghost (Vaults:3)
  8 deep elf zephyrmancers
  3 harpies (shapeshifter)
  A shadow dragon zombie (Vaults:3)
  Pikel (D:5)
  2 orange crystal statues (IceCv)
  10 harpies
  13 ironbound convokers
  3 phantasmal warriors
  24 deep elf pyromancers
  7 deep elf archers
  7 wizards
  A necromancer (Vaults:2)
  7 orc knights
  16 mana vipers
  5 shining eyes
  7 cyclopes
  39 ugly things
  15 fauns
  A shining eye (shapeshifter) (Vaults:2)
  3 wolf spiders (Depths:3)
  A stone giant zombie (Vaults:2)
  17 salamanders
  24 moths of wrath
  A manticore (shapeshifter) (Depths:4)
  3 orc sorcerers
  15 manticores
  18 elephants
  2 elf zombies
  A frost giant zombie (Vaults:2)
  38 black mambas
  7 guardian serpents
  2 water nymphs (Shoals:4)
  12 naga magi
  A titan simulacrum (Vaults:3)
  A rust devil (Depths:2)
  14 cane toads
  3 orange demons
  9 merfolk sirens
  15 vault sentinels
  3 kobold demonologists
  A hellion (D:13)
  An unseen horror (D:10)
  14 rime drakes
  An efreet (D:15)
  5 freezing wraiths
  11 komodo dragons
  18 yaktaurs
  2 ice devils
  3 tengu conjurers
  A hellwing (Lair:5)
  30 merfolk
  A meliai (shapeshifter) (Depths:1)
  4 red devils
  A queen bee (D:15)
  3 meliai (D:15)
  9 hornets
  5 wind drakes
  2 polar bears (Lair:5)
  9 trolls
  18 blink frogs
  2 tarantellas (Depths:3)
  A wolf spider simulacrum (D:15)
  7 saltlings (Orc:2)
  3 snapping turtles
  A dream sheep (shapeshifter) (Depths:4)
  133 slime creatures
  3 jumping spiders (Depths:3)
  15 dream sheep
  Sigmund (D:5)
  2 centaur simulacra
  2 vampires
  A deep troll skeleton (Vaults:2)
  17 wyverns
  7 shadows
  38 yaks
  6 hogs (Snake:1)
  18 water elementals
  7 wraiths
  3 basilisks
  A fire elemental (Elf:3)
  15 golden eyes
  A redback (shapeshifter) (D:14)
  Grum (D:11)
  A redback (Vaults:1)
  5 wargs
  37 nagas
  3 acid dragons
  3 hell hounds (Lair:5)
  19 water moccasins
  22 orc warriors
  An ice beast (D:6)
  2 sky beasts
  6 black bears
  5 great orb of eyes simulacra (IceCv)
  4 ogres
  11 centaurs
  4 wolves (D:11)
  3 kobold brigands
  2 human zombies (Vaults:2)
  5 slime creature simulacra (IceCv)
  2 earth elementals
  A human skeleton (Vaults:2)
  17 bullfrogs
  4 glowing shapeshifter simulacra
  4 scorpions
  13 wights
  24 killer bees
  3 howler monkeys
  2 gnoll boudas
  18 orc priests
  4 hounds
  Crazy Yiuf (D:5)
  Natasha (twice) (D:2)
  An iguana (D:6)
  18 orc wizards
  6 hell rats
  6 adders
  14 gnolls
  2 shadow imps
  2 ufetubi (D:5)
  2 worms (D:2)
  2 dart slugs (D:1)
  57 orcs
  7 ball pythons
  5 endoplasms
  3 giant cockroaches
  9 goblins
  4 hobgoblins
  8 jackals
  4 quokkas
  18 bats
  A frilled lizard (D:1)
  17 kobolds
  2 rats (D:5)
  A spectral orc (D:10)
  2 butterflies (Lair:4)
  3 fulminant prisms
  3 pillars of salt (Orc:2)
1916 creatures vanquished.

Vanquished Creatures (collateral kills)
  A dread lich (Vaults:2)
  An orb of fire (Zot:5)
  A Killer Klown (Zot:5)
  Margery (Vaults:3)
  2 golden dragons
  A profane servitor (D:13)
  An electric golem (Zot:5)
  5 tentacled monstrosities
  8 Orb Guardians
  A lich (Depths:3)
  2 titans (Depths:2)
  2 death cobs
  A deep elf master archer (Elf:3)
  2 quicksilver dragons
  3 acid blobs
  2 sphinxes
  A tengu reaver (Depths:3)
  2 shadow dragons
  2 azure jellies (Slime:5)
  2 storm dragons
  2 rockslimes (Slime:5)
  2 frost giants (Depths:2)
  2 draconian monks
  6 draconian scorchers
  A draconian shifter (Zot:3)
  A spectral caustic shrike (Depths:4)
  4 draconian knights
  3 vault wardens (Vaults:2)
  2 deep elf sorcerers (Elf:3)
  2 deep elf elementalists (Elf:3)
  An orc warlord (Vaults:4)
  2 draconian stormcallers
  3 quicksilver oozes
  2 draconian annihilators
  3 very ugly things
  2 stone giants (Depths:2)
  3 ironbound preservers
  3 yellow draconians
  7 green draconians
  A vampire knight (Depths:2)
  An ironbound thunderhulk (Vaults:4)
  3 purple draconians
  6 black draconians
  A spark wasp (Depths:3)
  2 deep elf annihilators (Elf:3)
  4 white draconians
  7 red draconians
  An ettin (Depths:3)
  A blizzard demon (Depths:3)
  3 deep elf death magi (Elf:3)
  2 fire dragons
  A merfolk javelineer (Shoals:4)
  3 merfolk impalers
  3 yaktaur captains
  A great orb of eyes (Vaults:2)
  5 ice dragons
  3 deep elf high priests (Elf:3)
  3 vault guards (Vaults:2)
  A rakshasa (Depths:3)
  2 peacekeepers
  An alligator snapping turtle (Shoals:3)
  2 anacondas (Snake:4)
  2 ironbound frosthearts
  A merfolk aquamancer (Shoals:4)
  2 dancing weapons
  A spriggan air mage (Depths:1)
  4 salamander tyrants (Snake:4)
  4 naga warriors (Snake:4)
  4 deep troll shamans
  5 naga sharpshooters (Snake:4)
  A deep troll earth mage (Depths:4)
  2 vampire magi (Depths:2)
  An orc high priest (Elf:1)
  A tengu warrior (Depths:1)
  2 sun demons (D:13)
  5 hell knights
  A salamander mystic (Snake:4)
  An iron troll (Depths:4)
  2 sea snakes
  17 deep trolls
  A naga ritualist (Snake:4)
  2 deep elf archers (Elf:3)
  A glowing orange brain (Slime:5)
  2 lindwurms (Vaults:3)
  A wizard (Vaults:2)
  An orange crystal statue (Shoals:1)
  9 deep elf zephyrmancers
  6 ironbound convokers
  3 necromancers
  2 deep elf pyromancers
  An orc sorcerer (Elf:1)
  4 manticores
  4 salamanders (Snake:4)
  6 ugly things
  4 harpies
  A wolf spider (Depths:3)
  6 fauns
  9 moths of wrath
  A rust devil (Zot:1)
  3 vault sentinels (Vaults:3)
  4 black mambas (Snake:4)
  A merfolk siren (Shoals:4)
  A water nymph (Shoals:3)
  A naga mage (Snake:4)
  6 yaktaurs
  A tengu conjurer (Depths:3)
  A hellwing (D:6)
  7 merfolk
  Grinder (D:4)
  A wind drake (Shoals:1)
  2 dream sheep (Shoals:2)
  3 snapping turtles
  30 slime creatures
  A human simulacrum (Vaults:2)
  2 air elementals
  9 water elementals
  A chaos spawn (Depths:2)
  4 golden eyes
  3 nagas (Snake:4)
  A floating eye (Depths:3)
  3 orc warriors (Vaults:3)
  A kobold brigand (D:8)
  3 orcs (Vaults:3)
  3 ball lightnings
362 creatures vanquished.

Vanquished Creatures (others)
  A salamander (Snake:2)
  A golden eye (Slime:3)
  62 ball lightnings
  2 bushes (D:11)
  298 fulminant prisms
  45 fungi
  5 pillars of salt (Orc:2)
  150 plants
564 creatures vanquished.

Grand Total: 2842 creatures vanquished

Notes
Turn   | Place    | Note
-------+----------+-------------------------------------------
     0 | D:1      | LaMa the Djinni Conjurer began the quest for the Orb.
     0 | D:1      | LaMa set off with the following spells memorised: Magic
                  | Dart, Searing Ray, Dazzling Flash, Fulminant Prism,
                  | Iskenderun's Mystic Blast.
     0 | D:1      | Reached XP level 1. HP: 15/15 MP: 0/0
   398 | D:1      | Reached skill level 1 in Fighting
   398 | D:1      | Reached XP level 2. HP: 19/22 MP: 0/0
   966 | D:1      | Reached XP level 3. HP: 25/27 MP: 0/0
   966 | D:1      | Learned a level 1 spell: Beastly Appendage
  1437 | D:2      | Found a glowing silver altar of Zin.
  1443 | D:2      | Noticed Natasha
  1451 | D:2      | Killed Natasha
  1452 | D:2      | Reached XP level 4. HP: 19/33 MP: 0/0
  2115 | D:2      | Noticed Natasha
  2122 | D:2      | Killed Natasha
  2123 | D:2      | Reached XP level 5. HP: 27/40 MP: 0/0
  2123 | D:2      | Learned a level 2 spell: Scorch
  3283 | D:3      | Found a glowing silver altar of Zin.
  3296 | D:4      | Reached XP level 6. HP: 44/46 MP: 0/0
  4385 | D:4      | Noticed Grinder
  4388 | D:4      | Paralysed by Grinder for 4 turns
  4393 | D:4      | Noticed a black bear
  4399 | D:4      | Paralysed by Grinder for 5 turns
  4407 | D:4      | Paralysed by Grinder for 5 turns
  4412 | D:4      | Killed Grinder
  4413 | D:4      | Reached skill level 5 in Fighting
  4413 | D:4      | Reached skill level 5 in Spellcasting
  4413 | D:4      | Reached XP level 7. HP: 12/54 MP: 0/0
  4413 | D:4      | Learned a level 3 spell: Vampiric Draining
  4910 | D:5      | Entered Level 5 of the Dungeon
  5003 | D:5      | Reached XP level 8. HP: 48/60 MP: 0/0
  5503 | D:5      | Found a glowing drain.
  5560 | Sewer    | Entered a sewer
  5736 | D:5      | Noticed Pikel
  5742 | D:5      | Killed Pikel
  5743 | D:5      | Reached XP level 9. HP: 53/68 MP: 0/0
  5743 | D:5      | Learned a level 4 spell: Animate Armour
  6089 | D:5      | Noticed Sigmund
  6096 | D:5      | Killed Sigmund
  6185 | D:5      | Found a hazy altar of Hepliaklqana.
  6462 | D:5      | Found a runed translucent door.
  6463 | D:5      | Noticed Crazy Yiuf
  6673 | D:5      | Killed Crazy Yiuf
  6943 | D:6      | Found a glowing golden altar of the Shining One.
  7332 | D:6      | Reached XP level 10. HP: 56/78 MP: 0/0
  7469 | D:6      | Found a white marble altar of Elyvilon.
  7575 | D:6      | Identified the +1 leather armour of Wikhuhor {Will+ rCorr
                  | Dex+3}
  7943 | D:7      | Found a staircase to the Ecumenical Temple.
  7952 | Temple   | Entered the Ecumenical Temple
  8094 | Temple   | Became a worshipper of Ashenzari the Shackled
  8642 | D:7      | Reached skill level 10 in Fighting
  8891 | D:8      | Identified the +6 spear of the Battered Bounties {holy, Fly
                  | Int+7 Dex-3 SInv}
  9212 | D:8      | Reached skill level 3 in Dodging
  9507 | D:9      | Noticed a two-headed ogre
  9512 | D:9      | Killed a two-headed ogre
  9695 | D:9      | Noticed a two-headed ogre
  9703 | D:9      | Killed a two-headed ogre
  9704 | D:9      | Reached skill level 4 in Dodging
  9704 | D:9      | Reached XP level 11. HP: 78/86 MP: 0/0
  9704 | D:9      | Learned a level 5 spell: Freezing Cloud
  9771 | D:9      | Found a sacrificial altar of Ru.
  9941 | D:9      | Reached * piety under Ashenzari
  9941 | D:9      | Identified 2 scrolls of acquirement
 10805 | D:9      | Reached ** piety under Ashenzari
 11070 | D:10     | Entered Level 10 of the Dungeon
 11114 | D:10     | Reached skill level 5 in Dodging
 11261 | D:10     | Reached skill level 6 in Dodging
 11576 | D:10     | Found Daviebbu's Antique Armour Emporium.
 11586 | D:10     | Noticed Josephine
 11591 | D:10     | Killed Josephine
 11592 | D:10     | Reached skill level 7 in Dodging
 11592 | D:10     | Reached skill level 5 in Stealth
 11770 | D:10     | Noticed a two-headed ogre
 11776 | D:10     | Killed a two-headed ogre
 11951 | D:10     | Found a basalt altar of Yredelemnul.
 12168 | D:10     | Reached *** piety under Ashenzari
 12458 | D:10     | Noticed Harold
 12482 | D:10     | Killed Harold
 12483 | D:10     | Reached skill level 8 in Dodging
 12921 | D:11     | Reached XP level 12. HP: 41/99 MP: 0/0
 13035 | D:11     | Noticed Grum
 13532 | D:11     | Found a staircase to the Orcish Mines.
 13612 | D:11     | Reached skill level 9 in Dodging
 13973 | D:11     | Found a staircase to the Lair.
 14065 | D:11     | Reached skill level 10 in Dodging
 14280 | D:11     | Reached skill level 10 in Spellcasting
 14410 | D:11     | Noticed a two-headed ogre
 14521 | D:11     | Killed a two-headed ogre
 14904 | D:11     | Killed Grum
 15058 | D:11     | Noticed a boulder beetle
 15081 | D:11     | HP: 4/100 [boulder beetle (19)]
 15083 | D:11     | Killed a boulder beetle
 15223 | D:12     | Acquired a manual of Evocations
 15225 | D:12     | Acquired the +1 buckler of the Tick {*Corrode rF+ Regen+
                  | Int+4}
 15497 | D:12     | Reached skill level 11 in Dodging
 15556 | D:12     | Found Feopsics's Antique Weapon Shoppe.
 15616 | D:12     | Noticed a centaur warrior
 15620 | D:12     | Killed a centaur warrior
 15812 | D:12     | Noticed a two-headed ogre
 15826 | D:12     | Killed a two-headed ogre
 15827 | D:12     | Reached skill level 12 in Dodging
 15827 | D:12     | Reached skill level 1 in Shields
 15827 | D:12     | Reached XP level 13. HP: 91/105 MP: 0/0
 15827 | D:12     | Learned a level 5 spell: Borgnjor's Vile Clutch
 16422 | Lair:1   | Entered Level 1 of the Lair of Beasts
 16458 | Lair:1   | Noticed a six-headed hydra
 16466 | Lair:1   | Killed a six-headed hydra
 16827 | Lair:1   | Identified the +1 robe of the Guilds {Will+ Str+6}
 17451 | Lair:2   | Found a staircase to the Snake Pit.
 17490 | Lair:2   | Found a staircase to the Shoals.
 17670 | Lair:2   | Noticed Erica
 17678 | Lair:2   | Killed Erica
 17679 | Lair:2   | Reached skill level 13 in Dodging
 17737 | Lair:2   | Noticed Sonja
 17759 | Lair:2   | Killed Sonja
 17799 | Lair:2   | Noticed a four-headed hydra
 17804 | Lair:2   | Killed a four-headed hydra
 18027 | Lair:2   | Noticed Urug
 18031 | Lair:2   | Killed Urug
 18474 | Lair:3   | Acquired a manual of Spellcasting
 18756 | Lair:3   | Found a gate leading to a gauntlet.
 18845 | Gauntlet | Entered a Gauntlet
 18845 | Gauntlet | Found a transporter.
 18845 | Gauntlet | Found a transporter.
 18871 | Gauntlet | Found a transporter.
 18872 | Gauntlet | Found a transporter.
 18883 | Gauntlet | Found a transporter.
 18884 | Gauntlet | Found a transporter.
 18887 | Gauntlet | Noticed a green death
 18893 | Gauntlet | Found a transporter.
 18912 | Gauntlet | Found a runed translucent door.
 18913 | Gauntlet | Found a transporter.
 18914 | Gauntlet | Found a runed translucent door.
 18928 | Gauntlet | Found a transporter.
 18931 | Gauntlet | Found a transporter.
 18935 | Gauntlet | Found a runed translucent door.
 18939 | Gauntlet | Found a transporter.
 18942 | Gauntlet | Found a transporter.
 18975 | Gauntlet | Found a runed translucent door.
 19070 | Gauntlet | Reached skill level 14 in Dodging
 19074 | Gauntlet | Reached skill level 5 in Shields
 19143 | Gauntlet | Noticed a minotaur
 19152 | Gauntlet | Killed a minotaur
 19153 | Gauntlet | Reached XP level 14. HP: 63/112 MP: 0/0
 19442 | Lair:3   | Reached **** piety under Ashenzari
 19454 | Lair:3   | Identified the cursed +1 hat of the Prophetic God {Self,
                  | Melee} (You found it on level 1 of the Lair of Beasts)
 20117 | Lair:4   | Reached skill level 15 in Dodging
 20270 | Lair:4   | Found a staircase to the Slime Pits.
 20271 | Lair:4   | Found a viscous altar of Jiyva.
 20308 | Lair:4   | Found a runed translucent door.
 21027 | Lair:4   | Reached skill level 10 in Stealth
 21033 | Lair:4   | Noticed an entropy weaver
 21044 | Lair:4   | Killed an entropy weaver
 21224 | Lair:4   | Noticed an entropy weaver
 21534 | Lair:5   | Entered Level 5 of the Lair of Beasts
 21615 | Lair:5   | Reached skill level 16 in Dodging
 21615 | Lair:5   | Reached XP level 15. HP: 116/120 MP: 0/0
 21615 | Lair:5   | Learned a level 6 spell: Iron Shot
 22416 | Lair:5   | Reached ***** piety under Ashenzari
 22528 | Lair:5   | Found a burning altar of Makhleb.
 22533 | Lair:5   | Found a gateway to Hell.
 23289 | Orc:1    | Entered Level 1 of the Orcish Mines
 23741 | Orc:2    | Entered Level 2 of the Orcish Mines
 23743 | Orc:2    | Reached XP level 16. HP: 126/130 MP: 0/0
 24065 | Orc:2    | Found a staircase to the Elven Halls.
 24258 | Orc:2    | Reached skill level 17 in Dodging
 24363 | Orc:2    | Found Reylinlo's Weapon Shoppe.
 24371 | Orc:2    | Found Cuppuuvi's Jewellery Shoppe.
 24441 | Orc:2    | Found Fytiggir's Magic Scroll Shop.
 24513 | Orc:2    | Bought the ring of Arrival {rElec rCorr MP+9 AC+4 SInv} for
                  | 1101 gold pieces
 24746 | Orc:2    | Found Plog's Antique Armour Shoppe.
 24782 | Orc:2    | Bought a scroll of teleportation for 45 gold pieces
 24782 | Orc:2    | Bought a scroll of blinking for 112 gold pieces
 24782 | Orc:2    | Bought a scroll of teleportation for 45 gold pieces
 25114 | Orc:1    | Found a transporter.
 25120 | Orc:1    | Noticed ababab's ghost (novice FeEn)
 25143 | Orc:1    | Identified the Tome of Bedrock and the Compass
 25192 | Orc:1    | Found a transporter.
 25197 | Orc:1    | Killed ababab's ghost
 25199 | Orc:1    | Reached skill level 10 in Shields
 26452 | D:14     | Found a gate to the Vaults.
 26689 | D:14     | Reached XP level 17. HP: 103/141 MP: 0/0
 26689 | D:14     | Learned a level 6 spell: Conjure Ball Lightning
 27298 | D:15     | Entered Level 15 of the Dungeon
 27339 | D:15     | Found a staircase to the Depths.
 27347 | D:15     | Identified Roxanne's Catalogue of Evolution
 27347 | D:15     | Noticed Roxanne
 27455 | D:15     | Found an opulent altar of Gozag.
 27709 | D:15     | Killed Roxanne
 28067 | Snake:1  | Entered Level 1 of the Snake Pit
 28170 | Snake:1  | Reached skill level 18 in Dodging
 28287 | Snake:1  | Found a frozen archway.
 28294 | IceCv    | Entered an ice cave
 28490 | IceCv    | Reached skill level 15 in Spellcasting
 28556 | IceCv    | Found a viscous altar of Jiyva.
 28566 | IceCv    | Identified the ring "Maerchax" {rF- rCorr MP+9 Str+4 Dex+6}
 28798 | Snake:1  | Noticed Asterion
 28804 | Snake:1  | Killed Asterion
 28873 | Snake:1  | Noticed Aizul
 28878 | Snake:1  | Killed Aizul
 29578 | Snake:1  | Reached XP level 18. HP: 141/149 MP: 0/0
 29578 | Snake:1  | Noticed Kirke
 29584 | Snake:1  | Killed Kirke
 30082 | Snake:2  | Identified the +4 chain mail of Plasticity {Will++ Int-2
                  | Slay+5 Stlth+}
 30170 | Snake:2  | Found a basalt altar of Yredelemnul.
 30371 | Snake:2  | Reached ****** piety under Ashenzari
 31248 | D:12     | Bought a fading broad axe for 351 gold pieces
 31248 | D:12     | Identified the +7 broad axe of Shrieking Terror {drain,
                  | Will++} (You bought it in a shop on level 12 of the
                  | Dungeon)
 31898 | Snake:3  | Found a sparkling altar of Nemelex Xobeh.
 32126 | Snake:4  | Entered Level 4 of the Snake Pit
 32427 | Snake:4  | Found a glowing silver altar of Zin.
 32445 | Snake:4  | Reached skill level 19 in Dodging
 32522 | Snake:4  | Reached XP level 19. HP: 130/160 MP: 0/0
 32522 | Snake:4  | Learned a level 7 spell: Spellforged Servitor
 32767 | Snake:4  | Found Jacoub's Assorted Antiques.
 32782 | Snake:4  | Noticed Vashnia
 32789 | Snake:4  | Killed Vashnia
 32874 | Snake:4  | Identified the +9 morningstar of Zydutorch {venom, rF+
                  | Str+5 Int+3 Dex-5}
 33280 | Snake:4  | Noticed Mara
 33291 | Snake:4  | Killed Mara
 33469 | Snake:4  | Reached skill level 15 in Fighting
 33506 | Snake:4  | Got a serpentine rune of Zot
 33898 | Shoals:1 | Entered Level 1 of the Shoals
 34331 | Shoals:1 | Reached XP level 20. HP: 161/169 MP: 0/0
 34755 | Shoals:2 | Identified the +1 scale mail "Sasusch" {rPois rF++ Str-4
                  | SInv}
 35645 | Shoals:3 | Reached skill level 20 in Dodging
 35734 | Shoals:3 | Reached skill level 1 in Evocations
 36241 | Shoals:4 | Entered Level 4 of the Shoals
 36513 | Shoals:4 | Identified the ring "Unoefrye" {rN+ MP+9 Slay+2}
 36514 | Shoals:4 | Noticed ripuliukko's ghost (journeyman DEEE)
 36535 | Shoals:4 | Found a transporter.
 36538 | Shoals:4 | Found a transporter.
 36574 | Shoals:4 | Noticed Ilsuiw
 36582 | Shoals:4 | Killed Ilsuiw
 36662 | Shoals:4 | Got a barnacled rune of Zot
 36785 | Shoals:4 | Reached skill level 5 in Evocations
 37236 | Shoals:4 | Reached XP level 21. HP: 117/182 MP: 0/0
 37236 | Shoals:4 | Learned a level 7 spell: Enfeeble
 37494 | Vaults:1 | Entered Level 1 of the Vaults
 39178 | Vaults:2 | Identified the +10 morningstar of the Penguin {flame, rElec
                  | rCorr Str-5 Int+5}
 39553 | Vaults:2 | Reached skill level 21 in Dodging
 39786 | Vaults:2 | Noticed a golden dragon
 39830 | Vaults:2 | Killed a golden dragon
 39831 | Vaults:2 | Reached skill level 10 in Evocations
 39838 | Vaults:2 | Noticed a dread lich
 39841 | Vaults:2 | Reached XP level 22. HP: 147/191 MP: 0/0
 39845 | Vaults:2 | Killed a dread lich
 40297 | Vaults:3 | Found a basalt altar of Yredelemnul.
 40301 | Vaults:3 | Found a staircase to the Crypt.
 40478 | Vaults:3 | Noticed Margery
 40488 | Vaults:3 | Killed Margery
 40586 | Vaults:3 | Noticed Saint Roka
 40600 | Vaults:3 | Killed Saint Roka
 40808 | Vaults:3 | Identified the +1 cloak "Soequa" {rC+++ Int+5}
 40839 | Vaults:3 | Found Usmucket's Armour Boutique.
 41447 | Vaults:4 | Identified the +0 robe "Nighoi" {Dex+2}
 41687 | Vaults:4 | Identified the +1 pair of boots "Efoyleu" {rC+ Int+6}
 42210 | Vaults:4 | Reached XP level 23. HP: 189/195 MP: 0/0
 42210 | Vaults:4 | Learned a level 8 spell: Borgnjor's Revivification
 42258 | Vaults:4 | Reached skill level 22 in Dodging
 42975 | Elf:1    | Entered Level 1 of the Elven Halls
 42975 | Elf:1    | Identified the amulet "Qaafuel" {Reflect Str+4 SH+5}
 43183 | Elf:1    | Paralysed by an air elemental for 1 turns
 43185 | Elf:1    | Paralysed by an air elemental for 1 turns
 43315 | Elf:1    | Found Hemuvvas's General Store.
 43320 | Elf:1    | Bought a potion of curing for 51 gold pieces
 43745 | Elf:2    | Acquired the ring of Siblar {rC+ rN+ Dex+6}
 43775 | Elf:2    | Found a huge runed translucent gate.
 43775 | Elf:2    | Found a huge runed translucent gate.
 43775 | Elf:2    | Found a huge runed translucent gate.
 43775 | Elf:2    | Found a huge runed translucent gate.
 43775 | Elf:2    | Found a huge runed translucent gate.
 44154 | Elf:3    | Entered Level 3 of the Elven Halls
 44222 | Elf:3    | Found Tinak's Distillery.
 44455 | Elf:3    | Identified the +5 scimitar of Cowardice {venom, Dex+3}
 44508 | Elf:3    | Identified the +10 dagger "Spiderslayer" {holy, Fragile
                  | rElec MP+9 Dex+7}
 44594 | Elf:3    | Identified the ring "Unuggon" {Fly Str+3 Dex+2 Stlth+}
 44829 | Elf:3    | Identified the +5 falchion of the Skies Above {flame, rElec
                  | Int+2}
 44837 | Elf:3    | Identified the +2 ring mail "Busud" {rN+ Str+5}
 44839 | Elf:3    | Identified the +3 hand axe of Piriuc {vorpal, rC+ rCorr}
 44924 | Elf:3    | Identified the Exposition on Incendiary Superposition
 45009 | Elf:3    | Identified the +4 plate armour of Gito {rPois rC+ rN+
                  | rCorr}
 45394 | Slime:1  | Entered Level 1 of the Pits of Slime
 45413 | Slime:1  | Reached XP level 24. HP: 122/171 MP: 0/0
 46391 | Slime:3  | Reached skill level 23 in Dodging
 46899 | Slime:5  | Entered Level 5 of the Pits of Slime
 46965 | Slime:5  | Gained mutation: You are dopey. (Int -2) [a shining eye]
 47207 | Slime:5  | Identified the amulet of the Last Spreadsheets {Faith
                  | rPois}
 47209 | Slime:5  | Noticed the Royal Jelly
 47229 | Slime:5  | Gained mutation: You sometimes lose your temper in combat.
                  | [a shining eye]
 47237 | Slime:5  | Killed the Royal Jelly
 47323 | Slime:5  | Reached skill level 15 in Evocations
 47362 | Slime:5  | Identified the ring "Kaistil" {rF+ rC+ rN+ Dex-5 Slay+3}
 47398 | Slime:5  | Found the +2 hood of the Assassin {Detection Stab+ Stlth++}
 47400 | Slime:5  | Identified the amulet of Abbu {Reflect rN+ Slay+5 SH+5}
 47420 | Slime:5  | Identified the ring "Foud Unt" {Fire Str+3 Int+5}
 47504 | Slime:5  | Got a slimy rune of Zot
 48243 | D:15     | Lost mutation: You are dopey. (Int -2) [potion of mutation]
 48243 | D:15     | Lost mutation: You sometimes lose your temper in combat.
                  | [potion of mutation]
 48243 | D:15     | Gained mutation: You occasionally lose the ability to read
                  | scrolls when taking damage. [potion of mutation]
 48243 | D:15     | Gained mutation: You expend health (3 HP) to strengthen
                  | your wands. [potion of mutation]
 48243 | D:15     | Gained mutation: Your muscles are strong. (Str +4, Int/Dex
                  | -1) [potion of mutation]
 48244 | D:15     | Lost mutation: You occasionally lose the ability to read
                  | scrolls when taking damage. [potion of mutation]
 48244 | D:15     | Lost mutation: You expend health (3 HP) to strengthen your
                  | wands. [potion of mutation]
 48244 | D:15     | Lost mutation: Your muscles are strong. (Str +4, Int/Dex
                  | -1) [potion of mutation]
 48244 | D:15     | Gained mutation: You are strong-willed. (Will+) [potion of
                  | mutation]
 48244 | D:15     | Gained mutation: Your muscles are strong. (Str +4, Int/Dex
                  | -1) [potion of mutation]
 48258 | Depths:1 | Entered Level 1 of the Depths
 48550 | Depths:1 | Reached XP level 25. HP: 171/175 MP: 0/0
 48550 | Depths:1 | Learned a level 8 spell: Ignition
 48744 | Depths:1 | Identified the Spellbook of Battle Magic
 48803 | Depths:1 | Found a one-way gate to the infinite horrors of the Abyss.
 49072 | Depths:1 | Reached skill level 1 in Armour
 49514 | Depths:2 | Found a one-way gate leading to the halls of Pandemonium.
 50365 | Depths:2 | Reached skill level 24 in Dodging
 50559 | Depths:2 | Reached skill level 15 in Shields
 50562 | Depths:2 | Reached skill level 5 in Armour
 50641 | Depths:3 | Identified the ring of Vetueh {rC+ Str+3}
 50654 | Depths:3 | Identified the +4 long sword of Generosity {freeze, rPois
                  | rC+ Str+3 SInv}
 51396 | Depths:3 | Reached XP level 26. HP: 170/188 MP: 0/0
 51464 | Depths:3 | Found a corrupted altar of Lugonu.
 51685 | Depths:4 | Entered Level 4 of the Depths
 51882 | Depths:4 | Noticed a juggernaut
 51887 | Depths:4 | Killed a juggernaut
 51920 | Depths:4 | Found a one-way gateway to a ziggurat.
 52075 | Depths:4 | Reached skill level 25 in Dodging
 52220 | Depths:4 | Noticed Xtahua
 52225 | Depths:4 | Killed Xtahua
 52502 | Depths:4 | Found a gate to the Realm of Zot.
 52628 | Zot:1    | Entered Level 1 of the Realm of Zot
 52716 | Zot:1    | Found Zaaproge's CLEARANCE SALE!.
 52776 | Zot:1    | Noticed a Killer Klown
 52776 | Zot:1    | Noticed a Killer Klown
 52776 | Zot:1    | Noticed a Killer Klown
 52776 | Zot:1    | Noticed a Killer Klown
 52776 | Zot:1    | Noticed a Killer Klown
 52802 | Zot:1    | Killed a Killer Klown
 52817 | Zot:1    | Killed a Killer Klown
 52820 | Zot:1    | Killed a Killer Klown
 52877 | Zot:1    | Killed a Killer Klown
 52920 | Zot:1    | Reached skill level 10 in Armour
 53089 | Zot:1    | Noticed an orb of fire
 53092 | Zot:1    | Gained mutation: Potions are less effective at restoring
                  | your health. [an orb of fire]
 53095 | Zot:1    | Gained mutation: You are frail. (-10% HP) [an orb of fire]
 53096 | Zot:1    | Killed an orb of fire
 53289 | Zot:2    | Reached XP level 27. HP: 169/174 MP: 0/0
 53289 | Zot:2    | Learned a level 9 spell: Dragon's Call
 53365 | Zot:2    | Noticed a Killer Klown
 53408 | Zot:2    | Noticed a Killer Klown
 53495 | Zot:2    | Killed a Killer Klown
 53496 | Zot:2    | Killed a Killer Klown
 53882 | Zot:2    | Reached skill level 26 in Dodging
 54279 | Zot:3    | Identified the +9 mace of Quidoeff {vorpal, Int+4}
 54596 | Zot:3    | Found a runed translucent door.
 54597 | Zot:3    | Found a shimmering altar of Xom.
 54597 | Zot:3    | Noticed Jiorhin's ghost (legendary TrBe)
 54598 | Zot:3    | Identified the +0 war axe "Vogel" {chaos, rF+ Dex+4 Stlth+}
 54612 | Zot:3    | Killed Jiorhin's ghost
 55116 | Zot:4    | Identified the +6 arbalest "Caoshes" {venom, rC+++ MP+9}
 56014 | Zot:5    | Entered Level 5 of the Realm of Zot
 56023 | Zot:5    | Reached skill level 27 in Dodging
 56337 | Zot:5    | Noticed an orb of fire
 56404 | Zot:5    | Noticed a dread lich
 56449 | Zot:5    | Noticed a Killer Klown
 56450 | Zot:5    | Noticed a Killer Klown
 56451 | Zot:5    | Noticed a Killer Klown
 56466 | Zot:5    | Noticed an ancient lich
 56475 | Zot:5    | Noticed an orb of fire
 56477 | Zot:5    | Killed a Killer Klown
 56490 | Zot:5    | Killed a dread lich
 56491 | Zot:5    | Reached skill level 15 in Armour
 56538 | Zot:5    | Killed an ancient lich
 56574 | Zot:5    | Gained mutation: Your spells are a little easier to cast,
                  | but a little less powerful. [mutagenic glow]
 56578 | Zot:5    | Noticed a Killer Klown
 56579 | Zot:5    | Noticed a dread lich
 56579 | Zot:5    | Noticed an orb of fire
 56579 | Zot:5    | Noticed a Killer Klown
 56580 | Zot:5    | Noticed a Killer Klown
 56585 | Zot:5    | Gained mutation: You sometimes lose your temper in combat.
                  | [mutagenic glow]
 56586 | Zot:5    | HP: 3/174 [Killer Klown/klown pie (7)]
 56619 | Zot:5    | Noticed a Killer Klown
 56630 | Zot:5    | Noticed a dread lich
 56697 | Zot:4    | Lost mutation: You are strong-willed. (Will+) [potion of
                  | mutation]
 56697 | Zot:4    | Lost mutation: Your muscles are strong. (Str +4, Int/Dex
                  | -1) [potion of mutation]
 56697 | Zot:4    | Gained mutation: You are weak. (Str -2) [potion of
                  | mutation]
 56697 | Zot:4    | Gained mutation: Your movements are slightly less
                  | encumbered by armour. (ER -2) [potion of mutation]
 56698 | Zot:4    | Lost mutation: Your movements are slightly less encumbered
                  | by armour. (ER -2) [potion of mutation]
 56698 | Zot:4    | Lost mutation: Potions are less effective at restoring your
                  | health. [potion of mutation]
 56698 | Zot:4    | Lost mutation: Your spells are a little easier to cast, but
                  | a little less powerful. [potion of mutation]
 56698 | Zot:4    | Gained mutation: You have a pair of small horns on your
                  | head. [potion of mutation]
 56699 | Zot:4    | Lost mutation: You are weak. (Str -2) [potion of mutation]
 56699 | Zot:4    | Lost mutation: You sometimes lose your temper in combat.
                  | [potion of mutation]
 56699 | Zot:4    | Lost mutation: You are frail. (-10% HP) [potion of
                  | mutation]
 56699 | Zot:4    | Gained mutation: You have a somewhat thin skeletal
                  | structure. (Dex +2, Stealth+) [potion of mutation]
 56699 | Zot:4    | Lost mutation: You have a pair of small horns on your head.
                  | [potion of mutation]
 56699 | Zot:4    | Gained mutation: Your muscles are strong. (Str +4, Int/Dex
                  | -1) [potion of mutation]
 56699 | Zot:4    | Gained mutation: You expend health (3 HP) to strengthen
                  | your wands. [potion of mutation]
 56770 | Zot:5    | Killed a Killer Klown
 56896 | Zot:5    | Killed an orb of fire
 56914 | Zot:5    | Killed a Killer Klown
 56929 | Zot:5    | Killed a Killer Klown
 56941 | Zot:5    | Killed a Killer Klown
 57001 | Zot:5    | Killed a Killer Klown
 57021 | Zot:5    | Killed an orb of fire
 57092 | Zot:5    | Gained mutation: You occasionally shout uncontrollably at
                  | your foes. [an orb of fire]
 57093 | Zot:5    | Lost mutation: Your muscles are strong. (Str +4, Int/Dex
                  | -1) [an orb of fire]
 57095 | Zot:5    | Killed an orb of fire
 57200 | Zot:5    | Killed a dread lich
 57206 | Zot:5    | Killed a Killer Klown
 57466 | Zot:5    | Got the Orb of Zot
 57542 | Zot:4    | Killed a dread lich
 57736 | Depths:4 | Noticed Gutigh the pandemonium lord
 57766 | Depths:3 | Noticed Xiruppet the pandemonium lord
 58172 | D:7      | Noticed Fifibly the pandemonium lord
 58212 | D:6      | Noticed Egrup the pandemonium lord
 58324 | D:$      | Escaped with the Orb!

Illustrated notes

Levels and vault maps discovered:
D:1:      shiori_arrival_oz, layout_basic
D:2:      layout_rooms, basic_altar, st_stairs_5, minmay_misc_feat_cross,
          uniq_natasha
D:3:      layout_loops_ring, zin_statuary, minmay_fractal_squares_diagonal_5
D:4:      layout_gridville, uniq_grinder
D:5:      nicolae_BIG_FREAKIN_CUBE, layout_gridville,
          lemuel_coloured_pillars_altar, worldfamousw_hep_ancestral_shrine,
          portal_sewer_entry_a, uniq_pikel, uniq_sigmund,
          uniq_crazy_yiuf_cottage
D:6:      layout_gridville, elyvilon_altar_3, amcnicky_altar_gilded,
          tso_metal_star, grunt_decor_arrowhead
D:7:      layout_loops_cross, minmay_temple_entry_arrows
D:8:      layout_basic
D:9:      layout_stronghold, nicolae_overflow_hidden_temple
D:10:     layout_loops_cross, yredelemnul_forgotten_temple_becter, serial_shops,
          shop, uniq_josephine, uniq_harold
D:11:     layout_basic, minmay_lair_entry_grove, minmay_orc_entry_temple_small,
          minmay_puff, uniq_grum
D:12:     layout_basic, serial_shops, nicolae_lakefront_shop, minmay_liquid_box
D:13:     layout_layer_cave, minmay_misc_feat_tiny
D:14:     layout_irregular_city, david_vaults_4, chequers_serial_rivers_micro_a
D:15:     hangedman_depths_entry_civil_slaughter, layout_gridville,
          nicolae_gozag_seed_capital, special_room [special_room_bee],
          uniq_roxanne
Temple:   nicolae_temple_bog_church
Lair:1:   layout_cave_pods
Lair:2:   layout_chaotic_city, minmay_shoals_entry_beasts, dummy_snake_entry,
          guppyfry_lair_drakes, lemuel_fruit_tree, uniq_sonja, uniq_urug,
          uniq_erica
Lair:3:   cheibrodos_lair_overgrown_chateau, layout_long_grid,
          gauntlet_entry_generic
Lair:4:   gammafunk_mikee_crab_dinner, layout_long_grid, slime_entry_1,
          serial_rivers, chequers_serial_rivers_large_b,
          chequers_serial_rivers_micro_c, chequers_serial_rivers_small_3,
          chequers_serial_rivers_micro_b, chequers_serial_rivers_micro_d,
          chequers_serial_rivers_small_3, special_room
          [special_room_mythical_zoo], minivault_19, lemuel_fruit_fields
Lair:5:   evil_forest, layout_cave_shapes
Shoals:1: layout_shoals, dpeg_stationary_puzzle
Shoals:2: layout_shoals, nicolae_shoals_shepherds
Shoals:3: layout_shoals, nicolae_shoals_lost_giant_baths,
          nicolae_shoals_elemental_ambush
Shoals:4: shoals_end_hangedman, layout_shoals, shoals_ilsuiw_ice,
          ebering_ghost_davey_jones
Snake:1:  layout_grid_maze, portal_ice_cave_entry_pillars_three,
          nicolae_snake_squiggles, uniq_kirke, uniq_asterion, uniq_aizul
Snake:2:  layout_misc_corridors, basic_altar, hangedman_snake_corridor_cut
Snake:3:  layout_layer_cave, basic_altar, nicolae_large_snake_swirl
Snake:4:  snake_pit_salamanders_mu, layout_onion, serial_shops,
          nicolae_shop_trees, basic_altar, uniq_vashnia, uniq_mara
Slime:1:  layout_caves, cheibrodos_slime_lost_civilization_4
Slime:2:  layout_caves
Slime:3:  layout_caves
Slime:4:  layout_caves
Slime:5
Orc:1:    minmay_goldmine, layout_diamond_mine, gammafunk_ghost_smash,
          mines2_lemuel
Orc:2:    hellmonk_orc_salted, layout_diamond_mine
Elf:1:    nicolae_elf_arrival_no_cutting_in_line, layout_loops_ring,
          serial_shops, nicolae_shop_hallway_stairs, hangedman_elf_represent,
          st_stairs_8
Elf:2:    elven_hall_of_blades_hangedman_alternative
          [nicolae_blade_entry_floor_patterns], layout_geoelf_diagonals
Elf:3:    minmay_elf_hall_spiked, layout_gridlike, serial_shops,
          nicolae_shop_crystal
Vaults:1: grunt_vaults_diagonal, vaults_room_boxed, hangedman_vaults_impose,
          hangedman_vaults_trim, nicolae_vaults_three_branches, v_misc_19,
          vaults_room_stairs_pillars, hangedman_vaults_snaps, vaults_mumra_hex,
          nicolae_vaults_gold_heap, vaults_dpeg_ring, layout_vaults_quadrants
Vaults:2: ontoclasm_vaults_ring_small, vaults_mumra_lcd, v_misc_9,
          vaults_dpeg_cross, nicolae_vaults_alarming,
          nicolae_vaults_yaktaur_gun_rack, dpeg_vaults_pockets_of_resistance,
          ontoclasm_vaults_shuriken, vaults_standard_mumra_x, v_misc_10,
          v_misc_3, layout_vaults_omnicross
Vaults:3: st_octagons_2, nicolae_vaults_hallways_thing,
          nicolae_vaults_mini_display_case, vaults_room_semicircle,
          hangedman_vaults_variations, minmay_crypt_entry_necro_gods,
          hangedman_vaults_restitches, nicolae_vaults_ring_of_whatevers,
          vaults_dpeg_hooks, layout_vaults_chaotic_city, serial_shops,
          nicolae_shop_waterfront, uniq_saint_roka, uniq_margery
Vaults:4: nicolae_vaults_puzzle_piece, hangedman_vaults_locks, v_rooms_3,
          ontoclasm_vaults_loading_screen, hangedman_vaults_nails,
          nicolae_vaults_windows_and_doors_thing, hangedman_vaults_stagger,
          ontoclasm_vaults_pinch, v_misc_17, nicolae_vaults_little_squares_6,
          v_alt_pattern_4, layout_vaults_ring
Depths:1: kennysheep_room_grid, layout_gridlike, marbit_kobold_abyss_entry,
          pf_vacation_house_of_asmodeus, fiery_altar_vehumet
Depths:2: minmay_quantized_circle, layout_long_grid, grunt_hell_entry_dis_old,
          rand_demon_pan_entry_5, abyss_entry, grunt_potential
Depths:3: cheibrodos_poisonous_passages, layout_gridville, grunt_mini_vestibule,
          abyss_entry_flame_altar, serial_bayou_lagoon_a,
          minmay_hollow_rounded_squares
Depths:4: evilmike_zot_entry_hall, layout_basic, enter_ziggurat_b, pan_entry,
          pf_hell_entry_tar_river, minmay_misc_feat_roman, uniq_xtahua
Zot:1:    layout_misc_corridors, drop_trap, st_single_dragon_hoard_3,
          nicolae_shop_clearance
Zot:2:    grunt_zot_stairs_faceoff, layout_misc_corridors, zot_minivault_7
Zot:3:    layout_misc_corridors, ebering_ghost_xom, grunt_megastairs_2,
          lemuel_elevator
Zot:4:    layout_gridville, st_small_dragon_hoard_5
Zot:5:    layout_onion

Skill      XL: |  1  2  3  4  5  6  7  8  9 10 11 12 13 14 15 16 17 18 19 20 21 22 23 24 25 26 27 |
---------------+----------------------------------------------------------------------------------+-----
Fighting       | 1 2 3 5 7 9 10 11 12 13 14 15 16 17 18 19 | 19.7
Spellcasting   | 4 5 6 7 8 9 10 11 12 13 14 15 16 17 18 | 18.6
Stealth        | 3 5 7 9 10 11 12 13 14 | 14.7
Dodging        | 4 8 12 14 16 17 18 19 20 21 22 23 24 25 27 | 27.0
Shields        | 1 5 7 9 10 11 12 13 14 15 17 21 | 21.6
Evocations     | 5 10 12 14 15 | 15.4
Armour         | 7 10 17 | 17.3

Action                   |  1- 3 |  4- 6 |  7- 9 | 10-12 | 13-15 | 16-18 | 19-21 | 22-24 | 25-27 || total
-------------------------+-------+-------+-------+-------+-------+-------+-------+-------+-------++-------
Melee: Dagger            |     1 |     8 |       |       |       |       |       |       |       ||     9
       Unarmed           |     1 |       |       |       |       |       |       |       |       ||     1
       Spear             |       |       |       |     2 |    18 |     1 |       |       |       ||    21
       Broad axe         |       |       |       |       |       |       |     4 |     5 |     6 ||    15
Throw: Dart              |     1 |     1 |       |     1 |     1 |       |       |       |       ||     4
 Cast: Magic Dart        |    52 |   101 |    99 |   170 |   149 |       |       |       |       ||   571
       Beastly Appendage |     1 |       |     1 |     2 |     3 |     4 |       |       |       ||    11
       Scorch            |       |    19 |     9 |    73 |    86 |     7 |       |     1 |       ||   195
       Fulminant Prism   |       |     1 |    18 |    55 |    86 |    79 |    37 |    22 |     4 ||   302
       Vampiric Draining |       |       |    26 |    78 |   100 |     7 |     1 |    10 |    20 ||   242
       Animate Armour    |       |       |     1 |       |       |       |       |       |       ||     1
       Searing Ray       |       |       |       |     4 |       |       |       |       |       ||     4
       Freezing Cloud    |       |       |       |    28 |    67 |    75 |    33 |    17 |     9 ||   229
       Iskenderun's Myst |       |       |       |    10 |    19 |    24 |     3 |       |     2 ||    58
       Borgnjor's Vile C |       |       |       |       |     2 |       |       |       |       ||     2
       Iron Shot         |       |       |       |       |    66 |   317 |   412 |   557 |   790 ||  2142
       Conjure Ball Ligh |       |       |       |       |       |    23 |     1 |     5 |       ||    29
       Spellforged Servi |       |       |       |       |       |       |    84 |   108 |   112 ||   304
       Enfeeble          |       |       |       |       |       |       |    10 |    11 |       ||    21
       Borgnjor's Revivi |       |       |       |       |       |       |       |     3 |     1 ||     4
       Ignition          |       |       |       |       |       |       |       |       |    42 ||    42
       Dragon's Call     |       |       |       |       |       |       |       |       |     2 ||     2
Invok: Curse Item        |       |       |       |     4 |     3 |     4 |     1 |     1 |     3 ||    16
       Shatter the Chain |       |       |       |       |       |     3 |       |     4 |       ||     7
Evoke: Wand              |       |     1 |       |       |       |       |       |     2 |     1 ||     4
  Use: Potion            |       |     2 |       |     2 |       |       |       |     2 |    15 ||    21
       Scroll            |       |       |       |     4 |     2 |     2 |     1 |     3 |    11 ||    23
Armor: Robe              |     2 |    10 |     8 |       |       |       |       |       |       ||    20
       Leather armour    |       |       |       |    15 |       |       |       |       |       ||    15
       Troll leather arm |       |       |       |     2 |    39 |    19 |    39 |    59 |    85 ||   243
Dodge: Dodged            |       |    41 |     8 |    52 |   106 |    79 |   173 |   271 |   434 ||  1164
Block: Buckler           |       |       |       |     4 |    51 |    50 |   122 |   132 |   172 ||   531
       Reflection        |       |       |       |       |       |     5 |    25 |       |       ||    30
